 Dungeon Crawl Stone Soup version 0.29-a0-43-g62a80824bf (webtiles) character file.

Game seed: 6698226688490346026

101 robertstho the Sneak (level 4, -12/45 HPs)
             Began as a Troll Delver on Feb 2, 2022.
             Mangled by Sigmund (15 damage)
             ... on level 2 of the Dungeon.
             The game lasted 00:05:06 (1978 turns).

robertstho the Sneak (Troll Delver)                 Turns: 1978, Time: 00:05:07

Health: -12/45     AC:  4    Str: 22    XL:     4   Next: 48%
Magic:  3/3        EV: 10    Int: 10    God:
Gold:   79         SH:  0    Dex: 11    Spells: 3/3 levels left

rFire   + + +      SeeInvis .     - Unarmed
rCold   + . .      Faith    .   (no shield)
rNeg    + . .      Spirit   .   a - +0 robe
rPois   .          Reflect  .   d - +0 hat of Fashionability {*Corrode rF+++ rN+ Int+4}
rElec   .          Harm     .   c - scarf {rC+ rF+}
rCorr   .          Rampage  .   (gloves unavailable)
Will    .....                   (boots unavailable)
Stlth   ++........              (no amulet)
HPRegen 0.95/turn               (no ring)
MPRegen 0.08/turn               (no ring)

@: no status effects
A: large, unfitting armour, claws 3, regeneration 1, shaggy fur 1, tough skin 1
a: no special abilities


You were on level 2 of the Dungeon.
You visited 1 branch of the dungeon, and saw 5 of its levels.

You collected 79 gold pieces.

Inventory:

Armour
 a - a +0 robe (worn)
 c - a scarf of resistance (worn)
 d - the +0 hat of Fashionability (worn) {*Corrode rF+++ rN+ Int+4}
   (You found it on level 5 of the Dungeon)

   Int:       It affects your intelligence (+4).
   rF:        It renders you almost immune to fire.
   rN:        It protects you from negative energy.
   *Corrode:  It may corrode you when you take damage.
Wands
 f - a wand of digging (2)
 m - a wand of flame (6)
Scrolls
 b - a scroll of fog
 e - a scroll of summoning
 h - 3 scrolls of enchant armour {unknown}
 i - a scroll of holy word {unknown}
 l - a scroll of noise {unknown}
 n - a scroll of brand weapon
Potions
 j - a potion of ambrosia {unknown}
 k - a potion of lignification {unknown}
 o - a potion of mutation {unknown}


   Skills:
 * Level 3.0 Fighting
 + Level 1.7 Dodging
 + Level 3.3 Stealth
 * Level 3.1 Unarmed Combat


You had 3 spell levels left.
You didn't know any spells.
Your spell library contained the following spells:

 Spells                   Type           Power      Damage    Failure   Level
 Ensorcelled Hibernation  Hex/Ice        0%         N/A       50%         2
 Passwall                 Tmut/Erth      0%         N/A       50%         2
 Swiftness                Air            0%         N/A       75%         3
 Tukima's Dance           Hex            0%         N/A       75%         3
 Anguish                  Hex/Necr       0%         N/A       98%         4
 Enfeeble                 Hex            0%         N/A       100%        7


Dungeon Overview and Level Annotations

Branches:
Dungeon (5/15)
 Temple: D:4-7

Altars:
Fedhas

Annotations:
D:2 1 runed translucent door, Crazy Yiuf, Sigmund
D:4 Pikel


Innate Abilities, Weirdness & Mutations

You are too large for most types of armour.
You have claws for hands.
Your natural rate of healing is unusually fast.
You are covered in fur. (AC +1)
You have tough skin. (AC +1)


Message History

A ball python is nearby!
A ball python is nearby!
A ball python is nearby!
A ball python is nearby!
A ball python is nearby!
The ball python hisses angrily.
You barely miss Sigmund.
Sigmund shouts!
Sigmund casts a spell.
Sigmund flickers and vanishes!
Deactivating autopickup; reactivate with Ctrl-A.
You scratch the ball python.
You kill the ball python!
You hear some strange, mumbled words.
You are confused.
You are too confused!
You are too confused!
You are too confused!
You are too confused!
You miss something.
You hear some strange, mumbled words.
A magic dart appears from out of thin air!
The magic dart hits you.
You miss something. Something hits you. Space warps around you.
You miss something. Something hits you! Space warps around you.
You miss something.
You bump into the rock wall.
You hear some strange, mumbled words.
A magic dart appears from out of thin air!
The magic dart hits you.
You feel less confused. Something hits you. Space warps horribly around you.
You scratch something but do no damage. Something hits you but does no damage.
Space warps horribly around you!
* * * LOW HITPOINT WARNING * * *
You scratch something. You closely miss something. Something hits you!
* * * LOW HITPOINT WARNING * * *
Space warps horribly around you!
You die...

..#...†......##.##..........#.#
..#..........##.##########..#.###
(................. ...........
...........####.## ....#.#.#..
...####.#### #.######.##...#.#..
...####.# #####.....##....###.#..
........# #..........#..## #.#..
...###### #.............. ..#..
...###### #.....@{†..##### ###.#
........# #..............# #.#
........# ########.#####.# #.#
........# #.# #.# ## ........#
###.### #.# ##. ........# #.....#
#.# #.. ........# #.....# #.# #..
........# #.....###.######.#
########### #.......#........#


There were no monsters in sight!

Vanquished Creatures
  Jessica (D:2)
  Terence (D:2)
  A worm (D:2)
  2 dart slugs (D:1)
  3 bats
  8 endoplasms
  2 giant cockroaches (D:2)
  5 hobgoblins
  A quokka (D:1)
  2 ball pythons (D:2)
  2 frilled lizards (D:2)
  5 goblins
  7 kobolds
  A rat (D:1)
41 creatures vanquished.

Notes
Turn   | Place    | Note
-------+----------+-------------------------------------------
     0 | D:5      | robertstho the Troll Delver began the quest for the Orb.
     0 | D:5      | Reached XP level 1. HP: 22/22 MP: 0/0
    12 | D:5      | Noticed an ogre
    13 | D:5      | Noticed a jelly
    18 | D:5      | Identified the +0 hat of Fashionability {*Corrode rF+++ rN+
                  | Int+4}
    99 | D:4      | Noticed Pikel
    99 | D:4      | Noticed an iguana
    99 | D:4      | Noticed a lemure
    99 | D:4      | Noticed an iguana
   100 | D:4      | Noticed a lemure
   134 | D:4      | Noticed a lemure
   135 | D:4      | Noticed a lemure
   150 | D:3      | Found a blossoming altar of Fedhas.
   326 | D:3      | Noticed an orc wizard
   326 | D:3      | Noticed an orc priest
   381 | D:2      | Noticed Jessica
   393 | D:2      | Killed Jessica
   394 | D:2      | Reached XP level 2. HP: 20/29 MP: 1/1
   394 | D:2      | Reached XP level 3. HP: 26/36 MP: 2/2
   434 | D:2      | Noticed Terence
   602 | D:1      | You fall into a shaft and drop 1 floor!
   635 | D:2      | Found a runed translucent door.
   636 | D:2      | Noticed Crazy Yiuf
  1014 | D:2      | Killed Terence
  1015 | D:2      | Reached XP level 4. HP: 28/44 MP: 3/3
  1174 | D:2      | Noticed Sigmund
  1978 | D:2      | Mangled by Sigmund

Illustrated notes

Levels and vault maps discovered:
D:1:      dpeg_arrival_radiant, layout_basic
D:2:      layout_basic, nicolae_wormholes, uniq_terence, uniq_jessica,
          uniq_crazy_yiuf_cottage, uniq_sigmund
D:3:      layout_basic, nicolae_overflow_hidden_temple, serial_shops,
          nicolae_shop_stone
D:4:      layout_loops_cross, minmay_temple_entry_proselytizer,
          guppyfry_shop_venom, uniq_pikel
D:5:      layout_basic, minmay_puff

Skill      XL: |  1  2  3  4 |
---------------+-------------+-----
Stealth        | 3 |  3.3
Unarmed Combat | 3 |  3.1
Fighting       | 3 |  3.0
Dodging        | |  1.7

Action                   |  1- 3 |  4- 6 || total
-------------------------+-------+-------++-------
Melee: Unarmed           |    68 |    40 ||   108
       Punch             |       |     1 ||     1
Evoke: Wand              |     1 |       ||     1
  Use: Scroll            |     2 |     3 ||     5
       Potion            |     1 |       ||     1
 Stab: Sleeping          |     1 |    10 ||    11
Armor: Robe              |     8 |    10 ||    18
Dodge: Dodged            |    27 |    12 ||    39

Table legend: (Time is in decaauts)
 A = Elapsed time spent in this place.
 B = Non-inter-level travel time spent in this place.
 C = Inter-level travel time spent in this place.
 D = Time resting spent in this place.
 E = Time spent auto-exploring this place.
 F = Levels seen in this place.
 G = Mean time per level.
                   A        B        C        D        E       F      G
               +--------+--------+--------+--------+--------+-----+--------+
         Total |   1955 |   1843 |    112 |     40 |   1361 |   5 |  391.0 |
       Dungeon |   1955 |   1843 |    112 |     40 |   1361 |   5 |  391.0 |
               +--------+--------+--------+--------+--------+-----+--------+

Top non-repeatable levels by time:
     D:2: 829 daAuts
     D:1: 759 daAuts
     D:3: 240 daAuts
     D:5: 73 daAuts
     D:4: 52 daAuts
